 Dungeon Crawl Stone Soup version 0.29.1-1-gd02db6906a (webtiles) character file.

Game seed: 6814472653147746660

78570 concernfroge the Basher (level 15, -5/115 HPs)
             Began as a Mummy Monk on Sept 18, 2022.
             Was an Initiate of Gozag.
             Slain by a centaur warrior
             ... wielding the +8 rapier of Eternal Harmony {vorpal, rElec Int+6}
              (24 damage)
             ... on level 14 of the Dungeon.
             The game lasted 01:13:23 (30404 turns).

concernfroge the Basher (Mummy Monk)               Turns: 30404, Time: 01:13:24

Health: -5/115     AC: 15    Str: 27    XL:     15   Next: 18%
Magic:  15/15      EV: 15    Int: 12    God:    Gozag
Gold:   2611       SH: 12    Dex: 16    Spells: 14/14 levels left

rFire   + . .      SeeInvis +   j - +10 flail of the Lair of Beasts {vorpal, Contam rF+ Str+6 Int+3}
rCold   + . .      Faith    .   t - +0 kite shield
rNeg    + + +      Spirit   .   H - +1 ring mail of the Heavens {rF+ rCorr}
rPois   ∞          Reflect  .   a - +1 helmet
rElec   .          Harm     .   G - +1 cloak of the Thistle {rN+ Slay+3 Stlth+}
rCorr   +          Rampage  .   k - +1 pair of gloves
Will    +....                   (no boots)
Stlth   ++........              e - amulet of the acrobat
HPRegen 0.29/turn               v - +4 ring of slaying
MPRegen 0.14/turn               y - ring of see invisible

@: hasted, studying Axes, very quick
A: cold resistance 1, negative energy resistance 3, torment resistance 2, heat
vulnerability 1, in touch with death 2, no potions
a: Renounce Religion, Potion Petition, Call Merchant, Bribe Branch


You were on level 14 of the Dungeon.
You worshipped Gozag.
Gozag was most pleased with you.
You visited 3 branches of the dungeon, and saw 20 of its levels.

You collected 5325 gold pieces.
You paid 2714 gold pieces to Gozag.

Inventory:

Hand Weapons
 j - the +10 flail of the Lair of Beasts (weapon) {vorpal, Contam rF+ Str+6 Int+3}
   (You found it on level 3 of the Dungeon)

   It inflicts extra damage upon your enemies.
   Str:       It affects your strength (+6).
   Int:       It affects your intelligence (+3).
   rF:        It protects you from fire.
   Contam:    It causes magical contamination when unequipped.
Missiles
 m - 12 boomerangs
 n - 2 atropa-tipped darts
 q - 19 poisoned darts (quivered)
 A - 3 javelins
Armour
 a - a +1 helmet (worn)
 k - a +1 pair of gloves (worn)
 s - a +2 ring mail of cold resistance
 t - a +0 kite shield (worn)
 G - the +1 cloak of the Thistle (worn) {rN+ Slay+3 Stlth+}
   (You found it on level 3 of the Lair of Beasts)

   Slay:      It affects your accuracy & damage with ranged weapons and melee
   (+3).
   rN:        It protects you from negative energy.
   Stlth:     It makes you more stealthy.
 H - the +1 ring mail of the Heavens (worn) {rF+ rCorr}
   (You found it on level 5 of the Lair of Beasts)

   rF:        It protects you from fire.
   rCorr:     It protects you from acid and corrosion.
 L - a +1 plate armour of willpower
Jewellery
 e - an amulet of the acrobat (around neck)
 v - a +4 ring of slaying (left hand)
 y - a ring of see invisible (right hand)
 I - a +4 ring of evasion
Wands
 w - a wand of acid (4)
 x - a wand of iceblast (24)
 z - a wand of polymorph (1)
 D - a wand of charming (14)
 E - a wand of mindburst (8)
 F - a wand of flame (34)
Scrolls
 b - 4 scrolls of immolation
 c - 2 scrolls of poison
 d - 2 scrolls of fog
 f - a scroll of silence
 g - 4 scrolls of fear
 h - 10 scrolls of teleportation
 l - a scroll of amnesia
 o - 5 scrolls of enchant weapon
 p - 6 scrolls of noise
 r - 5 scrolls of identify
 u - a scroll of torment {unknown}
 C - 3 scrolls of vulnerability
 J - 3 scrolls of magic mapping
 K - a scroll of acquirement {unknown}
 M - a scroll of enchant armour
Miscellaneous
 i - a phial of floods (inert)
 B - a lightning rod (2/4)


   Skills:
 - Level 10.0 Fighting
 - Level 14.0 Maces & Flails
 - Level 2.4 Polearms
 + Level 0.7 Throwing
 - Level 10.0 Armour
 - Level 10.0 Dodging
 - Level 1.5 Stealth
 - Level 10.0 Shields
 + Level 0.7 Evocations


You had 14 spell levels left.
You didn't know any spells.
Your spell library contained the following spells:

 Spells                   Type           Power      Damage    Failure   Level
 Magic Dart               Conj           0%         1d3       71%         1
 Sandblast                Erth           0%         2d4       71%         1
 Call Imp                 Summ           0%         N/A       83%         2
 Passwall                 Tmut/Erth      0%         N/A       83%         2
 Poisonous Vapours        Pois/Air       0%         N/A       83%         2
 Searing Ray              Conj           0%         2d4       83%         2
 Static Discharge         Conj/Air       0%         3-3/arc   83%         2
 Dazzling Flash           Conj/Hex       0%         N/A       97%         3
 Mephitic Cloud           Conj/Pois/Air  0%         N/A       97%         3
 Ozocubu's Armour         Ice            0%         N/A       97%         3
 Stone Arrow              Conj/Erth      0%         3d7       97%         3
 Fulminant Prism          Conj/Hex       0%         3d6       100%        4
 Agony                    Necr           0%         N/A       100%        5
 Borgnjor's Vile Clutch   Necr/Erth      0%         N/A       100%        5
 Lightning Bolt           Conj/Air       0%         1d11      100%        5
 Silence                  Hex/Air        0%         N/A       100%        5
 Summon Forest            Summ/Tloc      0%         N/A       100%        5
 Summon Mana Viper        Hex/Summ       0%         N/A       100%        5
 Conjure Ball Lightning   Conj/Air       0%         3x3d6     100%        6
 Summon Cactus Giant      Summ           0%         N/A       100%        6
 Ozocubu's Refrigeration  Ice            0%         4d7       100%        7
 Sublimation of Blood     Necr           Unusable   N/A       N/A         2
 Animate Dead             Necr           Unusable   N/A       N/A         4
 Corpse Rot               Necr/Pois/Air  Unusable   N/A       N/A         4
 Death's Door             Necr           Unusable   N/A       N/A         9

Dungeon Overview and Level Annotations

Branches:
Dungeon (14/15)            Temple (1/1) D:7            Lair (5/5) D:10
 Shoals (0/4) Lair:3       Spider (0/4) Lair:2        Slime (0/5) Lair:5
    Orc (0/2) D:10         Vaults (0/5) D:13

Altars:
Ashenzari
Cheibriados
Dithmenos
Fedhas
Gozag
Hepliaklqana
Kikubaaqudgha
Makhleb
Nemelex Xobeh
Okawaru
Qazlal
Ru
Sif Muna
Trog
Uskayaw
Vehumet
Wu Jian
Xom
Yredelemnul

Shops:
D:4 :


Innate Abilities, Weirdness & Mutations

You are immune to poison.
Your flesh is cold resistant. (rC+)
You are immune to negative energy. (rN+++)
You are immune to unholy pain and torment.
You are vulnerable to heat. (rF-)
You are strongly in touch with the powers of death.
You do not drink.


Message History

[b] - 378 gold - resistance and invisibility [c] - 405 gold - haste and heal wounds Purchase which effect?
You no longer have enough gold to bribe branches to halt enemies' attacks and recruit allies.
You feel yourself speed up.
You feel much better.
You block the centaur warrior's attack. x2
The centaur warrior hits you with the +8 rapier of Eternal Harmony {vorpal, rElec Int+6}!
* * * LOW HITPOINT WARNING * * *
x2 You block the centaur warrior's attack.
The centaur warrior barely misses you.
The centaur warrior kicks you but does no damage.
Okay, then. [a] - 756 gold - haste, resistance, heal wounds, curing and magic [b] - 504 gold - haste, resistance and might [c] - 299 gold - heal wounds and magic Purchase which effect?
You feel much better. Magic courses through your body.
The centaur warrior hits you with the +8 rapier of Eternal Harmony {vorpal, rElec Int+6}!
* * * LOW HITPOINT WARNING * * *
x2 The centaur warrior kicks you.
* * * LOW HITPOINT WARNING * * *
Aiming: Corrosive Bolt
Press: ? - help, Shift-Dir - straight line, f - centaur warrior
Aim: a centaur warrior, wielding the +8 rapier of Eternal Harmony {vorpal, rElec Int+6} and quivering stones (severely wounded, berserk, waterlogged, 79% to hit)
The bolt of acid hits the centaur warrior!
The acid corrodes the centaur warrior!
The centaur warrior is almost dead.
The centaur warrior closely misses you.
The centaur warrior completely misses you.
The centaur warrior hits you with the +8 rapier of Eternal Harmony {vorpal, rElec Int+6}.
* * * LOW HITPOINT WARNING * * *
x2 The centaur warrior barely misses you.
Aiming: Corrosive Bolt
Press: ? - help, Shift-Dir - straight line, f/p - centaur warrior
Aim: a centaur warrior, wielding the +8 rapier of Eternal Harmony {vorpal, rElec Int+6} and quivering stones (almost dead, berserk, covered in acid, waterlogged, 79% to hit)
The bolt of acid hits the centaur warrior!
The centaur warrior seems to be corroded for longer.
The centaur warrior is almost dead.
The centaur warrior hits you with the +8 rapier of Eternal Harmony {vorpal, rElec Int+6}!!
You die...
Your body crumbles into a pile of gold.

............##
..####.......###.#
.................#
.#####............
.### ##....####...
...# #....# #..# .#.#
#.#.## #..######.
...####...#
#..c~~~...
........### #.@#
...####.# ##..###
.#.## #.# #.$...#
##..# #.# #.###.#
##.# #.# #.###.# #.#
#.# #.....### #.# #.#
#..#^.... ###.###.#
#.....###
........######$....##


You could see a centaur warrior (berserk, corroded, waterlogged).

Vanquished Creatures
  A very ugly thing (D:12)
  The ghost of Hiywul the Fighter, a journeyman MiHu of Trog (Lair:3)
  The ghost of jimonade the Thaumaturge, a journeyman DjSu of Hepliaklqana (Lair:4)
  An ettin (D:13)
  The ghost of Zaegoraum the Carver, a journeyman DsAK of Lugonu (Lair:4)
  A yaktaur captain (D:12)
  Josephine (D:12)
  3 boulder beetles
  6 hydras
  2 catoblepae
  5 centaur warriors
  3 two-headed ogres
  A death knight (D:12)
  8 death yaks
  Nergalle (Lair:3)
  A goliath frog (Lair:5)
  A deep troll (D:13)
  Pikel (D:5)
  A necromancer (D:13)
  A deep elf pyromancer (D:11)
  A deep elf zephyrmancer (D:12)
  8 cyclopes
  2 orc knights
  A mana viper (shapeshifter) (D:13)
  13 ugly things
  A moth of wrath (Lair:4)
  4 manticores
  2 black mambas
  9 elephants
  7 gargoyles
  A torpor snail (Lair:2)
  2 kobold demonologists
  20 cane toads
  2 freezing wraiths
  5 komodo dragons
  3 efreet
  5 unseen horrors
  5 trolls
  A polar bear (Lair:3)
  3 tyrant leeches (Lair:5)
  33 blink frogs
  2 slime creatures (D:12)
  7 dream sheep (Lair:3)
  2 shadows
  3 wyverns
  A vampire (D:12)
  6 wraiths
  A fire elemental (Lair:4)
  25 yaks
  3 basilisks
  9 vampire mosquitoes
  2 steam dragons (D:8)
  5 acid dragons
  Duvessa (D:5)
  15 water moccasins
  5 orc warriors
  4 black bears
  A sky beast (D:7)
  14 centaurs
  12 wolves
  An ogre (D:10)
  3 phantoms
  3 necrophages
  10 bullfrogs
  4 gnoll sergeants
  A kobold brigand (D:10)
  6 scorpions
  Dowan (D:5)
  3 killer bees (D:10)
  8 howler monkeys
  An electric eel (Lair:5)
  5 hounds
  4 jellies
  8 orc priests
  A gnoll bouda (D:7)
  6 iguanas
  19 orc wizards
  A polar bear simulacrum (D:13)
  3 yak simulacra (D:13)
  5 wolf simulacra (D:13)
  17 gnolls
  4 adders
  A shadow imp (D:7)
  5 white imps
  An ufetubus (D:6)
  3 worms
  3 dart slugs
  65 orcs
  8 ball pythons
  4 endoplasms
  5 giant cockroaches
  9 goblins
  8 hobgoblins
  9 jackals
  4 quokkas
  3 bats
  A frilled lizard (D:1)
  8 kobolds
  5 rats
  2 river rat simulacra (D:13)
  A spectral hobgoblin (D:12)
546 creatures vanquished.

Vanquished Creatures (collateral kills)
  A komodo dragon (Lair:2)
  2 blink frogs (Lair:2)
  5 wolves (Lair:2)
  A bullfrog (Lair:2)
  A scorpion (Lair:2)
10 creatures vanquished.

Vanquished Creatures (others)
  55 fungi
  153 plants
  4 withered plants (Lair:4)
212 creatures vanquished.

Grand Total: 768 creatures vanquished

Notes
Turn   | Place    | Note
-------+----------+-------------------------------------------
     0 | D:1      | concernfroge the Mummy Monk began the quest for the Orb.
     0 | D:1      | Reached XP level 1. HP: 18/18 MP: 1/1
   348 | D:1      | Reached XP level 2. HP: 19/24 MP: 2/2
   608 | D:1      | Found a faded altar of an unknown god.
  1447 | D:2      | Gained mutation: You are in touch with the powers of death.
                  | [Mummy growth]
  1447 | D:2      | Reached XP level 3. HP: 30/30 MP: 3/3
  2777 | D:3      | Identified the +10 flail of the Lair of Beasts {vorpal,
                  | Contam rF+ Str+6 Int+3}
  2914 | D:3      | Reached XP level 4. HP: 38/38 MP: 4/4
  3095 | D:3      | Reached skill level 5 in Fighting
  3165 | D:3      | Found a shadowy altar of Dithmenos.
  3680 | D:4      | Found Qakihuw's Self-Improvement Boutique.
  3884 | D:4      | Found a radiant altar of Vehumet.
  3914 | D:4      | Reached XP level 5. HP: 28/46 MP: 5/5
  4475 | D:4      | Found a hide-covered altar of Uskayaw.
  4545 | D:4      | Reached XP level 6. HP: 48/53 MP: 6/6
  4736 | D:5      | Entered Level 5 of the Dungeon
  4856 | D:5      | Noticed Duvessa
  4861 | D:5      | Noticed Dowan
  5084 | D:5      | Reached XP level 7. HP: 56/62 MP: 7/7
  5318 | D:5      | Killed Duvessa
  5711 | D:7      | Found a staircase to the Ecumenical Temple.
  5717 | Temple   | Entered the Ecumenical Temple
  6187 | D:7      | Reached skill level 10 in Fighting
  6187 | D:7      | Reached XP level 8. HP: 41/72 MP: 8/8
  6226 | D:7      | Reached skill level 1 in Maces & Flails
  6532 | D:7      | Reached skill level 2 in Maces & Flails
  6669 | D:6      | Found an opulent altar of Gozag.
  6961 | D:6      | Became a worshipper of Gozag Ym Sagoz the Greedy
  7071 | D:6      | Reached skill level 3 in Maces & Flails
  7209 | D:7      | Reached skill level 4 in Maces & Flails
  7674 | D:6      | Reached skill level 5 in Maces & Flails
  7931 | D:6      | Reached XP level 9. HP: 69/78 MP: 9/9
  8303 | D:5      | Killed Dowan
  8304 | D:5      | Reached skill level 6 in Maces & Flails
  8386 | D:5      | Noticed Pikel
  8403 | D:5      | Killed Pikel
  8404 | D:5      | Reached skill level 7 in Maces & Flails
  8516 | D:5      | Found a blossoming altar of Fedhas.
  9151 | D:8      | Reached skill level 8 in Maces & Flails
  9979 | D:8      | Reached skill level 9 in Maces & Flails
  9986 | D:8      | Reached XP level 10. HP: 63/85 MP: 10/10
 10646 | D:8      | Found a sparkling altar of Nemelex Xobeh.
 11199 | D:9      | Found a snail-covered altar of Cheibriados.
 11199 | D:9      | Found a basalt altar of Yredelemnul.
 11199 | D:9      | Found an ancient bone altar of Kikubaaqudgha.
 11272 | D:9      | Found Taoweam's Antique Armour Shop.
 11708 | D:10     | Entered Level 10 of the Dungeon
 11821 | D:10     | Reached skill level 10 in Maces & Flails
 12054 | D:10     | Found a staircase to the Orcish Mines.
 12204 | D:10     | Found a staircase to the Lair.
 12482 | D:10     | Reached skill level 11 in Maces & Flails
 12675 | D:10     | Noticed Maggie
 12676 | D:10     | Noticed Maggie
 12676 | D:10     | Maggie changed into Maggie the ogre
 12682 | D:10     | Killed Maggie the ogre
 13043 | D:11     | Noticed a red ugly thing
 13045 | D:11     | Noticed a six-headed hydra
 13096 | D:11     | Noticed a two-headed ogre
 13489 | Lair:1   | Entered Level 1 of the Lair of Beasts
 13519 | Lair:1   | Reached XP level 11. HP: 70/90 MP: 11/11
 13673 | Lair:1   | Reached skill level 12 in Maces & Flails
 13979 | Lair:1   | Noticed a death yak
 14011 | Lair:1   | Killed a death yak
 14387 | Lair:1   | Reached skill level 13 in Maces & Flails
 14779 | Lair:1   | Noticed a death yak
 14780 | Lair:1   | Noticed a death yak
 14781 | Lair:1   | Noticed a death yak
 14797 | Lair:1   | Killed a death yak
 14798 | Lair:1   | Killed a death yak
 14803 | Lair:1   | Killed a death yak
 15130 | Lair:1   | Reached skill level 14 in Maces & Flails
 15131 | Lair:1   | Reached skill level 1 in Shields
 15604 | Lair:2   | Reached XP level 12. HP: 20/97 MP: 12/12
 16436 | Lair:2   | Reached skill level 5 in Shields
 16755 | Lair:2   | Found a hole to the Spider Nest.
 16990 | Lair:3   | Found a staircase to the Shoals.
 17423 | Lair:3   | Noticed a seven-headed hydra
 17429 | Lair:3   | Killed a seven-headed hydra
 17437 | Lair:3   | Noticed Nergalle
 17446 | Lair:3   | Killed Nergalle
 17904 | Lair:3   | Identified the +1 cloak of the Thistle {rN+ Slay+3 Stlth+}
 18443 | Lair:4   | Found a runed translucent gate.
 18443 | Lair:4   | Found a runed translucent gate.
 18455 | Lair:4   | Found a runed translucent gate.
 18462 | Lair:4   | Noticed jimonade's ghost (journeyman DjSu)
 18462 | Lair:4   | Noticed Zaegoraum's ghost (journeyman DsAK)
 18463 | Lair:4   | Noticed Hiywul's ghost (journeyman MiHu)
 18510 | Lair:4   | Noticed a seven-headed hydra
 18702 | Lair:4   | Killed a seven-headed hydra
 19209 | Lair:4   | Noticed an ice dragon
 19533 | Lair:4   | an ice dragon changed into a moth of wrath
 19662 | Lair:5   | Entered Level 5 of the Lair of Beasts
 19693 | Lair:5   | Noticed a death yak
 19695 | Lair:5   | Noticed a catoblepas
 19731 | Lair:4   | Killed a catoblepas
 19732 | Lair:4   | Gained mutation: You are strongly in touch with the powers
                  | of death. [Mummy growth]
 19732 | Lair:4   | Reached XP level 13. HP: 10/103 MP: 13/13
 20441 | Lair:5   | Reached skill level 10 in Shields
 21350 | Lair:4   | Reached skill level 5 in Dodging
 22778 | Lair:5   | Identified the +1 ring mail of the Heavens {rF+ rCorr}
 23214 | Lair:5   | Found a staircase to the Slime Pits.
 23968 | Lair:3   | Killed Hiywul's ghost
 23985 | Lair:4   | Killed jimonade's ghost
 24006 | Lair:4   | Killed Zaegoraum's ghost
 24007 | Lair:4   | Reached XP level 14. HP: 110/110 MP: 14/14
 24034 | Lair:4   | Got Cigotuvi's Grimoire of Maleficent Rituals
 24807 | D:11     | Reached skill level 10 in Dodging
 24807 | D:11     | Reached skill level 1 in Armour
 26310 | D:12     | Noticed Josephine
 26319 | D:12     | Killed Josephine
 26320 | D:12     | Reached skill level 5 in Armour
 27023 | D:12     | Noticed a purple very ugly thing
 27035 | D:12     | Killed a purple very ugly thing
 27124 | D:12     | HP: 4/110 [orc knight/+3 glaive of protection (25)]
 27303 | D:12     | HP: 1/110 [deep elf zephyrmancer/bolt of lightning (32)]
 27858 | D:12     | Got the Papyrus of Lightning
 28019 | D:12     | Found a hazy altar of Hepliaklqana.
 28760 | D:13     | Identified the +5 chain mail of Ammush {+Blink rN+}
 29314 | D:13     | Found a gate to the Vaults.
 29733 | D:14     | Reached XP level 15. HP: 97/115 MP: 15/15
 30339 | D:14     | Reached skill level 10 in Armour
 30390 | D:14     | Identified the +8 rapier of Eternal Harmony {vorpal, rElec
                  | Int+6}
 30404 | D:14     | Slain by a centaur warrior

Illustrated notes

Levels and vault maps discovered:
D:1:      dpeg_arrival_tiny_j, layout_basic, chequers_ecumenical_altar_grove
D:2:      layout_loops_ring
D:3:      layout_loops_corners, lemuel_tele_altar, minmay_misc_feat_rows,
          kennysheep_generic_room_10
D:4:      layout_loops_cross, mainiacjoe_overflow_cross_hatched,
          mainiacjoe_overflow_alcove_1, minmay_statues_item,
          kennysheep_flooded_box, nicolae_shop_self_help
D:5:      layout_loops_ring, mainiacjoe_overflow_tiny_flanked,
          minmay_manual_mess, uniq_pikel, uniq_duvessa
D:6:      layout_rooms, mainiacjoe_overflow_catwalk
D:7:      layout_basic, minmay_temple_entry_enclosed_plants, nicolae_sextant
D:8:      layout_layer_cave, kennysheep_mini_moat, serial_glass,
          glass_columns_a, glass_columns_b
D:9:      layout_layer_cave, minitemple, elyvilon_altar_3,
          nicolae_tso_swordbearing_angel, enter_bailey_4, serial_shops,
          nicolae_shop_statue_plus
D:10:     layout_irregular_city, due_lair_maze_entry_diamond, hiddenorc1_lemuel,
          uniq_maggie
D:11:     nzn_winding_woodlands_cross
          [nzn_winding_woodlands_5x15_river_crossing,
          nzn_winding_woodlands_5x15_crooked, nzn_winding_woodlands_5x15_twine,
          nzn_winding_woodlands_5x15_sidewinder,
          nzn_winding_woodlands_15x15_killbox], layout_gridville
D:12:     minmay_the_grid_4x2 [minmay_the_grid_eight,
          minmay_the_grid_medium_cups, minmay_the_grid_minigrid_small,
          minmay_the_grid_spin_star, minmay_the_grid_stretched_grid,
          minmay_the_grid_empty, minmay_the_grid_broken_lines,
          minmay_the_grid_prize_inner_circle], layout_irregular_city,
          nicolae_hepliaklqana_monster_ancestors, uniq_josephine
D:13:     layout_basic, david_vaults_4, eino_house_with_fridge
D:14:     layout_loops_ring, serial_bayou_lagoon_a, uniq_agnes
Temple:   bh_familiar_temple
Lair:1:   layout_gridlike, gauntlet_entry_generic, grunt_megastairs_4
Lair:2:   layout_long_grid, nicolae_spider_entry_non_spiders
Lair:3:   wander_river, layout_chaotic_city, minmay_shoals_entry_centaurs,
          lemuel_fruit_tree, uniq_nergalle
Lair:4:   layout_gridlike, gammafunk_ghost_cemetery, bobbens_ice_dragon_lair,
          grunt_megastairs_3
Lair:5:   minmay_lair_end_frog_pond, layout_regular_city, slime_entry_1,
          fungi_pond_lemuel, bh_autumn_forest_stairs

Skill      XL: |  1  2  3  4  5  6  7  8  9 10 11 12 13 14 15 |
---------------+----------------------------------------------+-----
Fighting       | 4 5 6 8 10 | 10.0
Maces & Flails | 5 9 11 14 | 14.0
Shields        | 3 9 10 | 10.0
Dodging        | 9 10 | 10.0
Armour         | 9 10 | 10.0
Polearms       | |  2.4
Throwing       | |  0.7
Stealth        | |  1.5
Evocations     | |  0.7

Action                   |  1- 3 |  4- 6 |  7- 9 | 10-12 | 13-15 || total
-------------------------+-------+-------+-------+-------+-------++-------
Melee: Spear             |   212 |       |       |       |       ||   212
       Flail             |     3 |    94 |   190 |   451 |   711 ||  1449
       Punch             |       |       |     1 |       |       ||     1
Throw: Boomerang         |       |       |    19 |    16 |    33 ||    68
       Dart              |       |       |    46 |    50 |    68 ||   164
       Javelin           |       |       |       |     3 |     5 ||     8
Invok: Potion Petition   |       |       |       |     2 |     6 ||     8
Evoke: Wand              |       |       |       |    12 |    12 ||    24
       Lightning rod     |       |       |       |       |     4 ||     4
       Phial of floods   |       |       |       |       |     2 ||     2
  Use: Scroll            |       |     6 |     5 |    17 |     7 ||    35
 Stab: Sleeping          |     6 |       |       |       |     2 ||     8
       Distracted        |       |       |       |     5 |     8 ||    13
Armor: Robe              |    17 |       |       |       |       ||    17
       Chain mail        |     1 |    53 |    32 |       |       ||    86
       Ring mail         |       |       |    45 |   176 |   144 ||   365
Dodge: Dodged            |   104 |    54 |   114 |   227 |   281 ||   780
Block: Kite shield       |       |       |    23 |   185 |   314 ||   522
